 Dungeon Crawl Stone Soup version 0.18-a0-1542-g9c1a92e (webtiles) character file.

96 vonhedlund the Skirmisher (level 4, -1/42 HPs)
             Began as a Draconian Monk on Mar 10, 2016.
             Was a Believer of Okawaru.
             Slain by an orc
             ... wielding a +1 mace of protection
              (7 damage)
             ... on level 3 of the Dungeon.
             The game lasted 00:10:05 (2152 turns).

vonhedlund the Skirmisher (Draconian Monk)          Turns: 2152, Time: 00:10:05

Health: -1/42      AC:  6    Str: 15    XL:     4   Next: 41%
Magic:  4/4        EV: 13    Int: 10    God:    Okawaru [**....]
Gold:   99         SH:  0    Dex: 13    Spells: 0 memorised, 3 levels left

rFire  . . .     SeeInvis .       - Unarmed
rCold  . . .     Gourm    .     (armour unavailable)
rNeg   . . .     Faith    .     (no shield)
rPois  .         Spirit   .     (helmet restricted)
rElec  .         Dismiss  .     c - +0 cloak
rCorr  .         Reflect  .     (no gloves)
SustAt .         Harm     .     (no boots)
MR     .....                    (no amulet)
Stlth  ++........               (no ring)
                                (no ring)

@: not resistant to hostile enchantments, unstealthy
A: unfitting armour, cold-blooded, AC +5
a: Heroism, Renounce Religion


You were on level 3 of the Dungeon.
You worshipped Okawaru.
Okawaru was pleased with you.
You were not hungry.

You visited 1 branch of the dungeon, and saw 3 of its levels.

You collected 99 gold pieces.

Inventory:

Hand Weapons
 r - a +0 hunting sling
Missiles
 g - 73 stones (quivered)
Armour
 c - a +0 cloak (worn)
Wands
 k - a wand of disintegration (9/24)
Scrolls
 e - 3 scrolls of identify {unknown}
 f - a scroll of recharging {unknown}
 h - a scroll of teleportation {unknown}
 j - a scroll of fog {unknown}
 l - a scroll of magic mapping {unknown}
 n - a scroll of immolation {unknown}
 o - a scroll of enchant armour {unknown}
Potions
 m - a potion of curing {unknown}
 p - a potion of ambrosia {unknown}
 q - a potion of invisibility {unknown}
Comestibles
 a - 2 bread rations
 b - 3 chunks of flesh
 d - a meat ration
 i - 4 fruits


   Skills:
 - Level 5.0 Fighting
 + Level 3.6 Dodging
 - Level 1.7 Stealth
 - Level 4.0 Unarmed Combat


You had 3 spell levels left.
You didn't know any spells.

Dungeon Overview and Level Annotations

Branches:
Dungeon (3/15)

Altars:
Okawaru


Innate Abilities, Weirdness & Mutations

Your plain brown scales are hard (AC +5).
Your body does not fit into most forms of armour.
You are cold-blooded and may be slowed by cold attacks.


Message History

You barely miss the orc.
The orc is almost dead.
The orc hits you with a whip. The orc misses you.
The orc hits you with a mace of protection.
The orc hits you with a hand axe.
* * * LOW HITPOINT WARNING * * *
You barely miss the orc.
The orc is almost dead.
The orc hits you with a whip.
* * * LOW HITPOINT WARNING * * *
The orc barely misses you.
You hit the orc but do no damage.
You tail-slap the orc, but do no damage.
The orc closely misses you. x3; The orc misses you.
You barely miss the orc.
The orc is almost dead.
The orc hits you with a hand axe.
* * * LOW HITPOINT WARNING * * *
The orc hits you with a mace of protection!
You die...

.. .# .# .#
.# .# #
##o#.####
#.##@o......
#loo#.#####
#.##...# #.
##### #


You could see 4 orcs and a giant newt.

Vanquished Creatures
  2 adders (D:2)
  4 worms (D:2)
  2 dart slugs (D:1)
  3 giant geckos
  An orc (D:3)
  2 ball pythons
  3 giant cockroaches
  8 hobgoblins
  6 jackals
  3 kobolds
  A quokka (D:2)
  3 bats (D:1)
  3 giant newts (D:1)
  6 goblins
  7 rats
54 creatures vanquished.

Notes
Turn   | Place    | Note
--------------------------------------------------------------
     0 | D:1      | vonhedlund the Draconian Monk began the quest for the Orb.
     0 | D:1      | Reached XP level 1. HP: 19/19 MP: 1/1
   162 | D:1      | Reached skill level 4 in Fighting
   162 | D:1      | Reached XP level 2. HP: 17/27 MP: 2/2
   734 | D:1      | Reached XP level 3. HP: 29/34 MP: 3/3
  1097 | D:2      | Reached skill level 5 in Fighting
  1166 | D:2      | Found an iron altar of Okawaru.
  1187 | D:2      | Became a worshipper of Warmaster Okawaru
  1187 | D:2      | Reached * piety under Okawaru
  1187 | D:2      | Reached ** piety under Okawaru
  1555 | D:2      | Reached XP level 4. HP: 23/42 MP: 4/4
  2152 | D:3      | Slain by an orc

Vault maps used:
D:1:      saegor_arrival_simple_b
D:2:      forest_paths, kennysheep_okawaru_gauntlet
D:3:      ecumenical_altar_2, nicolae_ru_great_annihilating_truth

Skill      XL: |  1  2  3 |
---------------+----------+-----
Fighting       | 4 5 |  5.0
Dodging        | 3 |  3.6
Stealth        | |  1.7
Unarmed Combat | |  4.0

Action                   |  1- 3 |  4- 6 || total
-------------------------+-------+-------++-------
Melee: Unarmed           |   185 |    43 ||   228
 Fire: Hunting sling     |       |     3 ||     3
Throw: Stone             |     8 |       ||     8
 Stab: Sleeping          |     3 |     1 ||     4
  Eat: Chunk             |     2 |     2 ||     4
